Cogmind - Beta 16 @@@ ROGUE MODE // 2025.12.24 @ 00:05:19 Player: jumpy Result: Destroyed by S-10 Pest with Light Assault Rifle Performance ------------- Evolutions (0) 0 Regions Visited (2) 400 Robots Destroyed (14) 70 Value Destroyed (169) 169 Prototype IDs (0) 0 Alien Tech Used (0) 0 Bonus (0) 0 TOTAL SCORE: 639 Bonus ------- None Cogmind --------- Core Integrity 0/250 Matter 254/300 Energy 100/100 System Corruption 0% Temperature Cool (0) Movement Core (50) Location -10/Mines Parts ------- > --- POWER (1) -------- (None) > --- PROPULSION (2) --- (None) > --- UTILITY (2) ------ (None) > --- WEAPON (2) ------- (None) > --- INVENTORY (5) ---- Aluminum Leg Wheel Wheel Improved Terrain Scanner Plasma Cutter Peak State ------------ > --- POWER ------------ Ion Engine > --- PROPULSION ------- Aluminum Leg Aluminum Leg > --- UTILITY ---------- Small Storage Unit Seismic Detector > --- WEAPON ----------- Medium Laser Assault Rifle > --- INVENTORY -------- Light Ion Engine Wheel Wheel Improved Terrain Scanner Seismic Detector Small Laser Mining Laser Mining Laser [Rating: 8] Favorites ----------- Power Ion Engine Engine Ion Engine Propulsion Aluminum Leg Leg Aluminum Leg Utility Seismic Detector Device Seismic Detector Storage Large Storage Unit Weapon Medium Laser Energy Gun Medium Laser Ballistic Gun Assault Rifle Build | -11 -10 -10 ------- Run | Yrd Mat Min Slots Evolved . | . . . Power . | . . . Propulsion . | . . . Utility . | . . . Weapon . | . . . Parts Attached 12 | 9 1 2 Power 2 | 2 . . Engine 2 | 2 . . Core . | . . . Reactor . | . . . Propulsion 4 | 2 . 2 Treads . | . . . Leg 4 | 2 . 2 Wheel . | . . . Hover . | . . . Flight . | . . . Utility 3 | 2 1 . Device 1 | 1 . . Storage 2 | 1 1 . Processor . | . . . Hackware . | . . . Protection . | . . . Artifact . | . . . Weapon 3 | 3 . . Energy Gun 2 | 2 . . Energy Cannon . | . . . Ballistic Gun 1 | 1 . . Ballistic Cannon . | . . . Launcher . | . . . Special Weapon . | . . . Impact Weapon . | . . . Slashing Weapon . | . . . Piercing Weapon . | . . . Special Melee Weapon . | . . . Unidentified Prototypes . | . . . Parts Lost 6 | . . 6 Power 1 | . . 1 Propulsion 2 | . . 2 Utility 1 | . . 1 Weapon 2 | . . 2 Highest Loss Streak 6 | . . 6 To Critical Strikes . | . . . Average Backups 8 | 4 8 10 Power . | . 1 . Propulsion 2 | 1 2 2 Utility 1 | . 2 1 Weapon 3 | 1 2 3 Tool/Special . | . . . Unused Backups 9 | 1 . 8 Power . | . . . Propulsion 2 | . . 2 Utility 2 | . . 2 Weapon 4 | 1 . 3 Tool/Special 1 | . . 1 Average Slot Usage (%) 97 | . 100 96 Engine 13 | . 14 13 Leg 27 | . 28 27 Device 13 | . 14 13 Storage 13 | . 14 13 Energy Gun 13 | . 14 13 Ballistic Gun 13 | . 14 13 Peak Build Rating 8 | 8 8 8 Average Rating 7 | 5 7 7 On Entrance 5 | . 7 8 Avg Prop Armor Cover (%) . | . . . Naked Turns 12 | . . 12 Heaviest Build 30 | 15 30 30 Greatest Support 20 | 20 20 20 Greatest Overweight (x) 9 | . 1 9 Average Overweight (x) . | . . . Largest Inventory Capacity 15 | 8 15 15 Average Capacity 12 | 7 9 14 Most Carried 12 | 8 10 12 Average Carried 8 | 4 8 10 Final Capacity 15 | 8 15 5 Final Carried 10 | 7 10 5 Class Distribution -------------------- 100% | Mutant Dominant Class ---------------- Mutant | -10/Materials Mutant | -10/Mines Resources | -11 -10 -10 ----------- Run | Yrd Mat Min Matter Collected 325 | 263 . 62 Remotely . | . . . Salvage Created 333 | 128 57 148 Parts 40 | 19 10 11 Haulers Intercepted . | . . . Recyclers Shooed . | . . . Parts Field Recycled . | . . . Retrieved Matter . | . . . Parts Self-Destructed . | . . . Prevented . | . . . Parts Restored . | . . . Kills | -11 -10 -10 ------- Run | Yrd Mat Min Combat Hostiles Destroyed 8 | . 4 4 Guns 8 | . 4 4 Classes Destroyed 4 | 2 1 1 Tunneler 5 | 4 . 1 Recycler 1 | 1 . . Swarmer 6 | . 4 2 Grunt 2 | . . 2 Best Kill Streak 3 | 2 3 3 Combat Bots Only 3 | . 3 2 Max Kills in Single Turn 1 | 1 1 1 Gunslinging . | . . . Exploded . | . . . Melee . | . . . Uniques/NPCs Destroyed . | . . . Combat | -11 -10 -10 -------- Run | Yrd Mat Min Hostile Shots Fired 103 | . 13 90 Missed 21 | . 3 18 Hits 82 | . 10 72 Projectile 82 | . 10 72 Critical Strikes 1 | . . 1 Part Disruptions 2 | . . 2 Damage Taken 832 | . 88 744 Core 252 | . 18 234 Absorbed by Shields . | . . . Core Remaining (%) 100 | 100 . . Volleys Fired 33 | 11 6 16 Largest 2 | 2 2 2 Hottest 70 | 70 70 70 Shots Fired 66 | 22 12 32 Gun 66 | 22 12 32 Cannon . | . . . Launcher . | . . . Special . | . . . Kinetic 33 | 11 6 16 Thermal 33 | 11 6 16 Explosive . | . . . Electromagnetic . | . . . Robot Hit Streak 6 | 4 4 6 Robot Miss Streak 4 | 2 1 4 Penetration Max . | . . . Secondary Targets 1 | . 1 . Max Gunslinging Chain 1 | . 1 . Shots Hit Robots 36 | 12 7 17 Core Hits 19 | 6 4 9 Critical Kills . | . . . Critical Parts Destroyed . | . . . Critical Strikes 2 | 1 . 1 Burn 2 | 1 . 1 Melee Attacks . | . . . Impact . | . . . Slashing . | . . . Piercing . | . . . Sneak Attacks . | . . . Combat Hostiles . | . . . Follow-up Attacks . | . . . Damage Inflicted 478 | 153 89 236 Guns 471 | 153 89 229 Cannons . | . . . Explosions . | . . . Melee . | . . . Ramming 7 | . . 7 Kinetic 256 | 78 63 115 Thermal 215 | 75 26 114 Explosive . | . . . Electromagnetic . | . . . Impact . | . . . Slashing . | . . . Piercing . | . . . Highest Corruption . | . . . Average Corruption . | . . . Corruption Purged . | . . . Corruption Blocked . | . . . Overload Shots . | . . . Overflow Damage . | . . . Projectiles . | . . . Explosions . | . . . Melee . | . . . Knockbacks . | . . . Impact . | . . . Kinetic . | . . . Secondary . | . . . Self-Inflicted Damage 2 | . . 2 Shots . | . . . Rammed 3 | . . 3 Targets Rammed 5 | . . 5 Kicked 2 | . . 2 Crushed . | . . . Highest Temperature 96 | 27 36 96 Average Temperature 26 | 12 16 37 Received Heat Transfer 372 | . . 372 Siege Activations . | . . . Martial Activations . | . . . Shielding Activations . | . . . Robots Disrupted . | . . . Combat Hostiles . | . . . Robots Corrupted . | . . . Combat Hostiles . | . . . Parts Fried . | . . . Impact Corruptions . | . . . Robots Melted . | . . . Combat Hostiles . | . . . Parts Melted 2 | 1 . 1 Heat Transferred 777 | 296 74 407 Parts Sabotaged . | . . . Parts Stolen . | . . . Parts Stripped . | . . . Power Chain Reactions . | . . . Alert | -11 -10 -10 ------- Run | Yrd Mat Min Maximum Alert Level . | . . . Low Security (%) 100 | 100 100 100 Level 1 . | . . . Level 2 . | . . . Level 3 . | . . . Level 4 . | . . . Level 5 . | . . . High Security . | . . . Max Security . | . . . Peak Influence 70 | 10 70 45 Initial 11 | . . 11 Average 13 | . 32 9 Influence Increases 317 | 25 137 155 Destroy 0b10 Robot/C 160 | . 80 80 Destroy 0b10 Robot/NC 30 | 25 . 5 Destroy Leader 30 | . 20 10 Successful Hack 7 | . 7 . Lose Combat Pursuer 90 | . 30 60 Influence Decreases 317 | 25 107 185 Entered New Map 19 | . . 19 Time Decay 268 | 25 107 136 Lost Part 30 | . . 30 Squads Dispatched 1 | . . 1 Investigation . | . . . Extermination . | . . . Reinforcement . | . . . Assault 1 | . . 1 Garrison . | . . . Intercept . | . . . Searches Triggered . | . . . Construction Impeded . | . . . Haulers Reinforced . | . . . Active Scanning Responses . | . . . Cargo Convoy Interrupts . | . . . Stealth | -11 -10 -10 --------- Run | Yrd Mat Min Distress Signals 1 | . 1 . Communications Jammed . | . . . Distress Signals . | . . . Times Spotted 36 | . 10 26 Peak Tracking Total 14 | . 4 14 Tactical Retreats 4 | . 1 3 Traps | -11 -10 -10 ------- Run | Yrd Mat Min Traps Triggered . | . . . Indirectly . | . . . Trap Hack Attempts . | . . . Triggered . | . . . Disarmed . | . . . Reprogrammed . | . . . Reused . | . . . Traps Extracted . | . . . Installed . | . . . Triggered . | . . . Machines | -11 -10 -10 ---------- Run | Yrd Mat Min Machines Disabled . | . . . Max in Single Turn . | . . . Machines Repaired . | . . . Machines Dismantled . | . . . Machines Sabotaged . | . . . Overloaded Fab Kills . | . . . Hacking | -11 -10 -10 --------- Run | Yrd Mat Min Machines Accessed 2 | . 2 . Terminals 2 | . 2 . Fabricators . | . . . Repair Stations . | . . . Recycling Units . | . . . Scanalyzers . | . . . Garrison Access . | . . . Total Hacks 6 | . 6 . Successful 2 | . 2 . Failed 3 | . 3 . Catastrophic . | . . . Database Lockouts 1 | . 1 . Manual 6 | . 6 . Terminals 6 | . 6 . Fabricators . | . . . Repair Stations . | . . . Recycling Units . | . . . Scanalyzers . | . . . Garrison Access . | . . . Terminal Hacks 2 | . 2 . Part Schematic 1 | . 1 . Robot Schematic 1 | . 1 . Fabricator Hacks . | . . . Repair Station Hacks . | . . . Recycling Unit Hacks . | . . . Scanalyzer . | . . . Garrison Access Hacks . | . . . Unauthorized Hacks . | . . . Terminals . | . . . Fabricators . | . . . Repair Stations . | . . . Recycling Units . | . . . Scanalyzers . | . . . Garrison Access . | . . . Data Cores Recovered . | . . . Used . | . . . Hacking Detections 2 | . 2 . Full Trace Events . | . . . Feedback Events . | . . . Feedback Blocked . | . . . Robot Schematics Acquired 1 | . 1 . Robots Built . | . . . Authchips . | . . . Time . | . . . Total Robot Build Rating . | . . . Part Schematics Acquired 1 | . 1 . Parts Built . | . . . Authchips . | . . . Time . | . . . Total Part Build Rating . | . . . Part Studies Acquired . | . . . Parts Repaired . | . . . Time . | . . . Parts Recycled . | . . . Recycled Matter . | . . . Retrieved Matter . | . . . Retrieved Components . | . . . Parts Scanalyzed . | . . . Part Schematics Acquired . | . . . Parts Damaged . | . . . Bothacking | -11 -10 -10 ------------ Run | Yrd Mat Min Used RIF Installer . | . . . Robots Hacked . | . . . Non-combat . | . . . Combat . | . . . Robot Hacks Applied . | . . . Relay Couplers Released . | . . . Fabnet Peak Effective % . | . . . Robots Rewired . | . . . Allies Hacked . | . . . Hacks Repelled . | . . . Allies | -11 -10 -10 -------- Run | Yrd Mat Min Total Allies 1 | . . 1 Largest Group 1 | . . 1 Highest-Rated Group 31 | . . 31 Highest-Rated Ally 31 | . . 31 Total Orders . | . . . Ally Attacks 4 | . . 4 Total Damage 22 | . . 22 Kills . | . . . Allies Corrupted . | . . . Allies Melted . | . . . Intel | -11 -10 -10 ------- Run | Yrd Mat Min Active Infowar (turns) 928 | 95 256 577 Seismic 928 | 95 256 577 Robot Analysis Total . | . . . Derelict Logs Recovered . | . . . Drone Launches . | . . . Drone Recoveries . | . . . Exploration | -11 -10 -10 ------------- Run | Yrd Mat Min Turns Passed 1034 | 176 256 602 Spaces Moved 448 | 106 172 170 Core 30 | 7 . 23 Treads . | . . . Legs 418 | 99 172 147 Wheels . | . . . Hover . | . . . Flight . | . . . Fastest Speed 50 | 50 120 50 Average Speed 143 | 115 130 173 Slowest Speed 500 | 120 190 500 Overloaded Moves . | . . . Propulsion Burnouts . | . . . Robots Hopped . | . . . Potential Cave-ins . | . . . Cave-ins Triggered . | . . . Exploration Rate (%) 29 | 6 35 48 Regions Visited 2 Branch Regions 1 Pre-discovered Areas . | . . . Known Exits Taken . | . . . Unknown Exits Taken 2 | 1 1 . Scrap Searched . | . . . Spaces Dug . | . . . Terrain Destroyed . | . . . Melee . | . . . Projectile . | . . . AOE . | . . . Terrain Rammed . | . . . Walls Destroyed . | . . . Machines Disabled . | . . . Actions | -11 -10 -10 --------- Run | Yrd Mat Min Total 766 | 133 192 441 Wait 258 | . 10 248 Move 446 | 105 171 170 Hop . | . . . Pick Up 10 | 7 3 . Fast Attach 7 | 7 . . Attach . | . . . Detach . | . . . Swap 5 | 2 1 2 Drop 2 | 1 1 . Fire 33 | 11 6 16 Melee . | . . . Ram 3 | . . 3 Kick 2 | . . 2 Crush . | . . . Escape Stasis . | . . . Rewire . | . . . Trap . | . . . Miscellaneous . | . . . Route ------- -11/Scrapyard -10/Materials -10/Mines History --------- Turn | Location | Event 4 | -11/Scrapyard | Discovered new exit (range 14) 177 | -11/Scrapyard | Entered Materials 300 | -10/Materials | Build established: Mutant 355 | -10/Materials | Central database locked down 370 | -10/Materials | Discovered new exit (range 16) 433 | -10/Materials | Entered Mines 557 | -10/Mines | Excavation squad dispatched 557 | -10/Mines | A large section of the Mines collapsed 928 | -10/Mines | Met a Derelict testing a Signal Generator 1005 | -10/Mines | Core integrity fell below 50% 1023 | -10/Mines | Core integrity fell below 20% 1023 | -10/Mines | Released all parts (1) 1035 | -10/Mines | Destroyed by S-10 Pest with Light Assault Rifle Last Messages --------------- 01001_ Critical hit (Burn: +37). 01001_ Assault Rifle destroyed. 01002_ M-13 Machinist repairs G-34 Mercenary. 01002_ K-01 Serf collects debris. 01006_ Ion Engine destroyed. 01006_ K-01 Serf collects debris. 01007_ G-34 Mercenary suffers critical hit (Burn). 01010_ M-13 Machinist repairs G-34 Mercenary. 01010_ K-01 Serf collects debris. 01010_ Seismic Detector destroyed. 01011_ Acquired 33 matter. 01013_ K-01 Serf collects debris. 01016_ Med. Laser destroyed. 01017_ Kicked G-34 Mercenary. 01018_ M-13 Machinist repairs R-06 Scavenger. 01018_ Aluminum Leg destroyed. 01019_ Slammed into G-34 Mercenary. 01023_ Released Lrg. Storage Unit. 01025_ Slammed into U-05 Engineer. 01035_ Slammed into S-10 Pest. Map ----- +----------------------------------------------------+ | ?????????????????????????????????????????????????? | | ?????????????????????????????????????????????????? | | ?????????????????????????????????????????????????? | | ?????????????????????????????????????????????????? | | ?????????????????????????????????????????????????? | | ?????????????????????????????????????????????????? | | ?????????????????????????????????????????????????? | | ?????????????????????????????????????????????????? | | ?????????????????????????????????????????????????? | | ?????????????????????????????????????????????????? | | ?????????????????????????????????????????????????? | | ?????????????????????????????????????????????????? | | ?????????????????????????????????????????????????? | | ?????????????????????????????????????????????????? | | ?????????????????????????????????????????????????? | | ?????????????????????????????????????????????????? | | ?????????????????????????????????????????????????? | | ?????????????????????????????????????????????????? | | ?????????????????????????????????????????????????? | | ?????????????????????????????????????????????????? | | ????????????????????########?????????????????????? | | ????????????????????# #?????????????????????? | | ????????????????????# """ #?????????????????????? | | ???????????? ??#????#s """ #?????????????????????? | | ????????????? # ???# """ #?????????????????????? | | ?????????????? ### s@ #????????????????????#? | | ?????????????? s"""s#???????????????????## | | ???????????# s """s#?????????????????### | | ???????????## ### """ #????????????????# | | ????????????? ?????# #???????????????? | | ????????????????????# #???????????????? | | ????????????????????# #?????????????????????? | | ????????????????????# #?????????????????????? | | ????????????????????##### ##?????????????????????? | | ???? ???????????????????# #??????????????????????? | | ??? ???????????????????# #????????? ?????????? | | ??? ?????????????####### #???????? ?????????? | | ##? ?????????????# #???????? = #????????? | | # ??????????????# #######?????????% #????????? | | ??????????????# #???????????????= ##???????? | | ??????????????#[#??????????????? ##??????? | | ??????????????#!#??????????????? #??????? | | ?? ######!###????????????? #??????? | | ???????# |*[[ #?????????????# #??????? | | ???????# = #????????????## ???????? | | ???????########## [#???????###### ????????? | | #????????????????#= #???#??## ## ?????????# | | ####???????????### #?# #??# ## #????????## | | #??????????## ### #?## ## ########## | | ### #?????????## ##!### # * | +----------------------------------------------------+ Best States ------------- Heat Dissipation 25 Energy Generation 10 Energy Capacity 250 Matter Stores 249 Matter Capacity 300 Sight Range 16 Terrain Scan Density 10 Evasion (%) 55 Item Schematics ----------------- Hcp. Storage Unit | -10/Materials | Hacked Robot Schematics ------------------ M-13 Machinist | -10/Materials | Hacked Fabricated ------------ Nothing Repaired ---------- Nothing Studied --------- None Alien Tech Used ----------------- None Achievements -------------- None Challenges ------------ None Game ------ Seed GreatAssembledAutogun Manual? 0 Play Time 00:05:20 Cumulative 301.1 hours Start 2025.12.24 @ 00:01:41 End 2025.12.24 @ 00:05:19 Sessions 1 Manual Loads 0 Difficulty Rogue Special Mode None Game No. 645 Rogue 645 Adventurer 0 Explorer 0 Win Type - Total 20 Types 14/0/4/1/1/0/0/0/0/0 Lore% 81 Gallery% 72 Achievement% 51 Wizard Run 0 Options --------- Layout 0 ASCII 0 Keyboard 0 Movement Numpad Keybinds 0 Fullscreen 2 Font 18/Terminus Map View 76x50 Zoom Use 0% Tactical HUD 1 Map Filters NONE Filters SATURATION(100) Steam 1 RUN: 44dc964a-d5bd-4c53-a382-477c4817c40d